 Dungeon Crawl Stone Soup version 0.17-a0-1976-g482a304 (webtiles) character file.

2351 hydrated21 the Cleaver (level 9, -8/79 HPs)
             Began as a Minotaur Chaos Knight on Oct 5, 2015.
             Mangled by zigs's ghost (19 damage)
             ... on level 7 of the Dungeon.
             The game lasted 00:23:52 (6695 turns).

hydrated21 the Cleaver (Minotaur Chaos Knight)      Turns: 6695, Time: 00:23:52

Health: -8/79      AC:  8    Str: 26    XL:     9   Next: 20%
Magic:  8/8        EV: 13    Int:  9    God:    Xom [......]
Gold:   377        SH:  0    Dex:  9    Spells: 0 memorised, 8 levels left

rFire  . . .     SeeInvis .     a - +4 hand axe (chaos)
rCold  . . .     Clarity  .     B - +0 plate armour
rNeg   . . .     SustAt   .     (no shield)
rPois  .         Gourm    .     (helmet restricted)
rElec  .         Spirit   .     (no cloak)
rCorr  .         Warding  .     (no gloves)
rMut   .         Stasis   .     C - +0 pair of boots
MR     .....                    E - amulet of rage
Stlth  ..........               (no ring)
                                e - +4 ring of evasion

@: mighty, not resistant to hostile enchantments, extremely unstealthy
A: retaliatory headbutt, horns 2, deformed body, screaming 1
a: Renounce Religion, Evoke Berserk Rage


You were on level 7 of the Dungeon.
You worshipped Xom.
You were a very special plaything of Xom.
You were not hungry.

You visited 2 branches of the dungeon, and saw 7 of its levels.
You also visited: Sewer.

You collected 377 gold pieces.

Inventory:

Hand Weapons
 a - a +4 hand axe of chaos (weapon)
 p - a +0 flail
Armour
 b - a +3 leather armour
 n - a +0 chain mail
 o - a +0 ring mail
 v - the +6 lightning scales {run, rElec}
   (You found it on level 6 of the Dungeon)

   It insulates you from electricity.
 B - a +0 plate armour (worn)
 C - a +0 pair of boots (worn)
Jewellery
 e - a +4 ring of evasion (left hand)
 f - an uncursed amulet of stasis
 h - an uncursed amulet of resist corrosion
 E - an amulet of rage (around neck)
Wands
 x - a wand of confusion (32)
Scrolls
 i - 3 scrolls of amnesia
 q - 6 scrolls of identify
 r - 4 scrolls of teleportation
 w - 2 scrolls of enchant weapon
 y - 2 scrolls of remove curse
 A - a scroll of fear
Potions
 d - 2 potions of magic
 g - a potion of lignification
 j - 2 potions of degeneration
 m - 2 potions of brilliance
 s - a potion of mutation {unknown}
 t - a potion of haste
 u - 2 potions of flight
Comestibles
 c - 3 bread rations
 k - a meat ration
 z - 7 fruits


   Skills:
 + Level 7.1 Fighting
 + Level 8.4 Axes
 + Level 5.3 Armour
 + Level 7.9 Dodging
 + Level 3.6 Stealth


You had 8 spell levels left.
You didn't know any spells.

Dungeon Overview and Level Annotations

Branches:
Dungeon (7/15)             Temple (1/1) D:5

Altars:
Ashenzari
Cheibriados
Gozag
Okawaru
Sif Muna
Trog
Xom
The Shining One

Annotations:
D:7 zigs's ghost, novice OgSk


Innate Abilities, Weirdness & Mutations

You reflexively headbutt those who attack you in melee.
You have a pair of horns on your head.
Armour fits poorly on your strangely shaped body.
You occasionally shout uncontrollably at your foes.


Message History

Zigs's ghost is moderately damaged.
You hit zigs's ghost but do no damage. Your headbutt misses zigs's ghost.
Zigs's ghost is moderately damaged.
You slash the crimson imp!
You kill the crimson imp!
Zigs's ghost hits you!!
You slash zigs's ghost!
Space bends around zigs's ghost.
Your headbutt misses zigs's ghost.
Zigs's ghost is heavily damaged.
Zigs's ghost hits you!
* * * LOW HITPOINT WARNING * * *
Your plate armour prevents you from hitting zigs's ghost.
You headbutt zigs's ghost!
Zigs's ghost is heavily damaged.
Zigs's ghost hits you.
* * * LOW HITPOINT WARNING * * *
You slash zigs's ghost! You headbutt zigs's ghost!!
Zigs's ghost is almost destroyed.
Zigs's ghost hits you!!
You die...

##...........§...#
##................#
##..................
#...................
##..................#
##..................##
#...................#
##...W.............##
#...@............##
##.>............##
#.............## #
##...........## ##
...##..........## ##.
#.......).....## ##..
######......### ##...
##....########....
##.#...§§...§....


You could see zigs's ghost.

Vanquished Creatures
  Sigmund (D:6)
  A hippogriff (D:7)
  A steam dragon (D:7)
  An ice beast (D:5)
  2 ogres
  An orc warrior (D:6)
  2 sky beasts
  A phantom (D:6)
  A tengu (D:6)
  3 centaurs
  Blork the orc (D:5)
  4 giant frogs
  A scorpion (D:6)
  3 crimson imps
  The ghost of LordVetinari the Magician, a weakling DEWz (D:3)
  2 giant frog zombies (D:7)
  An iguana (D:7)
  3 jellies
  A centaur skeleton (D:7)
  An orc wizard (D:6)
  A worker ant (D:6)
  A hound zombie (D:7)
  A worker ant zombie (D:5)
  5 adders
  A shadow imp (D:6)
  6 river rats
  An ooze (D:3)
  3 worms
  4 giant geckos
  8 orcs
  8 giant cockroaches
  13 goblins
  8 hobgoblins
  10 jackals
  9 bats
  13 giant newts
  5 kobolds
  A quokka skeleton (D:6)
  19 rats
149 creatures vanquished.

Notes
Turn   | Place    | Note
--------------------------------------------------------------
     0 | D:1      | hydrated21 the Minotaur Chaos Knight began the quest for the Orb.
     0 | D:1      | Reached XP level 1. HP: 19/19 MP: 0/0
    48 | D:1      | XOM: silly message
   101 | D:1      | XOM: mild Pois miscast
   122 | D:1      | XOM: divination: detect creatures
   162 | D:1      | Reached skill level 4 in Axes
   177 | D:1      | Reached XP level 2. HP: 21/27 MP: 1/1
   538 | D:2      | Found a faded altar to an unknown god.
   646 | D:2      | XOM: harmless Ice miscast
   755 | D:2      | Reached XP level 3. HP: 33/33 MP: 2/2
  1072 | D:2      | Found a bloodstained altar of Trog.
  1342 | D:2      | XOM: divination: detect creatures
  1409 | D:3      | Noticed LordVetinari's ghost (weakling DEWz)
  1413 | D:3      | Found a snail-covered altar of Cheibriados.
  1499 | D:3      | Reached XP level 4. HP: 40/40 MP: 3/3
  1503 | D:3      | Killed LordVetinari's ghost
  1520 | D:3      | XOM: harmless Divn miscast
  1679 | D:3      | Found a glowing drain.
  1688 | Sewer    | Entered a sewer
  1689 | Sewer    | XOM: silly message
  1715 | Sewer    | Reached XP level 5. HP: 46/46 MP: 4/4
  1795 | Sewer    | Reached skill level 5 in Axes
  2411 | D:3      | XOM: potion effect (agility)
  2426 | D:3      | XOM: harmless Divn miscast
  2591 | D:3      | XOM: summons 2 hostile demons
  2669 | D:3      | You fall through a shaft for 2 floors!
  2669 | D:5      | Entered Level 5 of the Dungeon
  2689 | D:5      | Noticed a centaur
  2701 | D:5      | Killed a centaur
  2701 | D:5      | Reached XP level 6. HP: 46/53 MP: 5/5
  2705 | D:5      | Killed a centaur
  2781 | D:5      | Reached skill level 5 in Dodging
  2858 | D:5      | Noticed an ice beast
  2859 | D:5      | XOM: summons friendly ufetubus
  2866 | D:5      | Killed an ice beast
  2938 | D:5      | Noticed Blork the orc
  2940 | D:5      | XOM: harmless Fire miscast
  2944 | D:5      | XOM: fake destruction
  2946 | D:5      | XOM: confuse monster(s)
  2954 | D:5      | Killed Blork the orc
  2954 | D:5      | Reached skill level 1 in Stealth
  2954 | D:5      | Reached XP level 7. HP: 60/60 MP: 6/6
  3062 | D:5      | XOM: harmless Divn miscast
  3185 | D:5      | Found a staircase to the Ecumenical Temple.
  3260 | Temple   | Entered the Ecumenical Temple
  3343 | D:6      | Reached skill level 5 in Fighting
  3393 | D:6      | XOM: mild Necr miscast
  3429 | D:6      | XOM: harmless Erth miscast
  3438 | D:6      | Reached skill level 6 in Dodging
  3596 | D:6      | Reached XP level 8. HP: 30/69 MP: 7/7
  3815 | D:6      | XOM: confuse monster(s)
  4231 | D:6      | Noticed Sigmund
  4238 | D:6      | Killed Sigmund
  4238 | D:6      | Reached skill level 7 in Axes
  4798 | D:7      | Found a bloodstained altar of Trog.
  4832 | D:7      | Noticed zigs's ghost (novice OgSk)
  4837 | D:7      | XOM: smoke on damage
  4843 | D:7      | XOM: 1-stop teleportation journey
  4878 | D:7      | Reached skill level 5 in Armour
  4932 | D:7      | XOM: summons 4 hostile demons
  5230 | D:7      | XOM: chaos upgrade
  5236 | D:7      | Reached skill level 8 in Axes
  5555 | D:7      | Reached XP level 9. HP: 78/78 MP: 8/8
  5586 | D:7      | XOM: severe Fire miscast
  5802 | D:7      | XOM: summons 4 hostile demons
  5818 | D:7      | XOM: enchant monster (bad)
  5826 | D:7      | XOM: mild Trmt miscast
  6170 | D:7      | XOM: colour smoke trail
  6266 | D:7      | XOM: give mutations
  6266 | D:7      | Gained mutation: Armour fits poorly on your strangely shaped body. [Xom's mischief]
  6266 | D:7      | Gained mutation: You occasionally shout uncontrollably at your foes. [Xom's mischief]
  6659 | D:7      | XOM: colour smoke trail
  6695 | D:7      | Mangled by zigs's ghost

Vault maps used:
D:1:      minmay_arrival_nine_rooms, st_stairs_14
D:2:      ecumenical_altar_1, trog_three_pillars_becter
D:3:      cheibriados_altar_1, serial_forest, infiniplex_forest_end_1,
          infiniplex_forest_straight_3, infiniplex_forest_clump_tiny,
          infiniplex_forest_lined_ring, infiniplex_forest_lined_3_way,
          portal_sewer_entry_b, kennysheep_generic_room_10
D:5:      minmay_temple_entry_enclosed_plants, first_bread, uniq_blork_the_orc
D:6:      uniq_sigmund
D:7:      bloody_trog, minmay_misc_feat_ornament
Temple:   nicolae_temple_god_jail
Sewer:    sewer_co_cracked_pipes

Action                   |  1- 3 |  4- 6 |  7- 9 || total
-------------------------+-------+-------+-------++-------
Melee: Hand axe          |   102 |   129 |   195 ||   426
 Abil: Evoke Berserk Rag |       |       |     1 ||     1
  Use: Scroll            |     4 |    12 |     6 ||    22
       Potion            |     6 |     4 |     7 ||    17
 Stab: Paralysed         |     2 |     1 |     4 ||     7
       Confused          |       |     4 |       ||     4
       Distracted        |       |       |     1 ||     1
  Eat: Meat ration       |     1 |       |     2 ||     3
       Beef jerky        |       |     1 |       ||     1
       Bread ration      |       |       |     1 ||     1
